 Dungeon Crawl Stone Soup version 0.24-a0-251-g44e327e (webtiles) character file.

Game seed: 18281727826730742236

651 Borgoz the Cutter (level 7, -2/44 HPs)
             Began as a Kobold Gladiator on Apr 16, 2019.
             Killed by divine providence
             ... invoked by an orc priest
              (16 damage)
             ... on level 4 of the Dungeon.
             The game lasted 00:05:15 (3097 turns).

Borgoz the Cutter (Kobold Gladiator)                Turns: 3097, Time: 00:05:16

Health: -2/44      AC:  6    Str: 13    XL:     7   Next: 83%
Magic:  7/7        EV: 15    Int:  9    God:
Gold:   174        SH:  0    Dex: 17    Spells: 6/6 levels left

rFire    + . .     SeeInvis .   a - +2 dagger (venom)
rCold    . . .     Gourm    .   (shield restricted)
rNeg     . . .     Faith    .   m - +0 ring mail {rF+}
rPois    .         Spirit   .   c - +0 helmet
rElec    .         Reflect  .   s - scarf {cloud immunity}
rCorr    +         Harm     .   (no gloves)
MR       .....                  (no boots)
Stlth    +.........             (no amulet)
HPRegen  0.14/turn              o - ring of resist corrosion
MPRegen  0.10/turn              (no ring)

@: hasted, heavily drained, very quick
A: small, carnivore
a: no special abilities


You were on level 4 of the Dungeon.
You were very full.

You visited 1 branch of the dungeon, and saw 4 of its levels.

You collected 174 gold pieces.

Inventory:

Hand Weapons
 a - a +2 dagger of venom (weapon)
 l - a +2 dagger of holy wrath
 t - a +1 dagger of speed
 v - a +0 rapier
 w - a +2 vampiric short sword
Armour
 b - a +0 leather armour
 c - a +0 helmet (worn)
 m - a +0 ring mail of fire resistance (worn)
 s - a scarf of cloud immunity (worn)
Jewellery
 o - a ring of resist corrosion (left hand)
Wands
 y - a wand of flame (1)
Scrolls
 e - 5 scrolls of identify {unknown}
 h - 2 scrolls of amnesia {unknown}
 i - 2 scrolls of magic mapping {unknown}
 k - a scroll of blinking {unknown}
 p - a scroll of enchant armour {unknown}
 r - 3 scrolls of remove curse {unknown}
 x - a scroll of teleportation {unknown}
Potions
 j - a potion of haste
 n - a potion of curing {unknown}
 q - a potion of cancellation {unknown}
 u - a potion of agility {unknown}
 z - a potion of might {unknown}
 B - a potion of flight {unknown}
Comestibles
 f - 5 rations
 A - 2 chunks of flesh


   Skills:
 + Level 4.8(3.5) Fighting
 + Level 6.5(5.1) Short Blades
 - Level 2.1(0.9) Throwing
 + Level 3.0(1.7) Armour
 + Level 6.0(4.6) Dodging


You had 6 spell levels left.
You didn't know any spells.
Your spell library was empty.

Dungeon Overview and Level Annotations

Branches:
Dungeon (4/15)
 Temple: D:4-7

Altars:
Cheibriados


Innate Abilities, Weirdness & Mutations

You are small and have problems with some larger weapons.
You are carnivorous and can eat meat at any time.


Message History

The wight is lightly damaged.
You hit the wight but do no damage.
The wight is lightly damaged.
The wight barely misses you.
You hit the wight.
The wight is moderately damaged.
The wight hits you with a +0 short sword.
You feel drained.
* * * LOW HITPOINT WARNING * * *
It was a potion of haste.
You feel yourself speed up. The wight barely misses you.
The wight hits you but does no damage.
A wight comes into view. It is wielding a +3 scimitar.
An orc priest comes into view. It is wielding a +0 hand axe.
The orc priest shouts!
An orc comes into view. It is wielding a +0 flail.
The orc shouts!
The orc priest calls down the wrath of Beogh upon you.
Beogh smites you!
You die...

........# ........#
######........# ........##
#.............###### .........#
#..................# .........#
#..................#
.........###..................#.
.............................>..
........#.......................
........z.......@.......<...#.#
###.[..##....#.......##.#####.#
# #....##............##.......#
###....##...#.................#
........'.o.#.................#
...#....#......[..........###.#
...#..o.#............#....###+##
...#....#.#......#####.........#
........#.#......# #.........#


You could see an orc priest.

Vanquished Creatures
  Grinder (D:3)
  Sigmund (D:3)
  2 wights (D:4)
  2 orc priests (D:3)
  An iguana (D:4)
  A worker ant (D:4)
  3 adders (D:2)
  An ooze (D:1)
  3 worms
  3 leopard geckos
  2 orcs (D:3)
  2 ball pythons (D:2)
  11 bats
  4 giant cockroaches
  11 goblins
  12 hobgoblins
  3 jackals
  11 kobolds
  2 quokkas
  3 frilled lizards
  3 rats
82 creatures vanquished.

Notes
Turn   | Place    | Note
-------+----------+-------------------------------------------
     0 | D:1      | Borgoz the Kobold Gladiator began the quest for the Orb.
     0 | D:1      | Reached XP level 1. HP: 12/12 MP: 1/1
   243 | D:1      | Reached XP level 2. HP: 13/18 MP: 2/2
   539 | D:1      | Reached XP level 3. HP: 18/22 MP: 3/3
   838 | D:2      | Reached skill level 1 in Armour
   937 | D:2      | Reached XP level 4. HP: 28/28 MP: 4/4
  1822 | D:2      | Reached XP level 5. HP: 32/32 MP: 5/5
  1946 | D:2      | Found a faded altar of an unknown god.
  2109 | D:3      | Reached skill level 5 in Short Blades
  2445 | D:3      | Noticed Sigmund
  2462 | D:3      | Killed Sigmund
  2462 | D:3      | Reached skill level 5 in Dodging
  2462 | D:3      | Reached XP level 6. HP: 31/38 MP: 6/6
  2654 | D:3      | Found a snail-covered altar of Cheibriados.
  2797 | D:3      | Noticed Grinder
  2824 | D:3      | Killed Grinder
  2824 | D:3      | Reached XP level 7. HP: 33/44 MP: 7/7
  3097 | D:4      | Killed from afar by an orc priest

Levels and vault maps discovered:
D:1:      matt_arrival_refuge, layout_loops_cross, feat_on_display
D:2:      layout_basic, chequers_ecumenical_altar_lobes, first_ration,
          minmay_mini_jars
D:3:      layout_rooms, nicolae_overflow_hidden_temple, uniq_grinder,
          uniq_sigmund
D:4:      layout_basic

Skill      XL: |  1  2  3  4  5  6  7 |
---------------+----------------------+-----
Dodging        | 4 5 6 |  6.0
Armour         | 1 2 3 |  3.0
Fighting       | 3 4 |  4.8
Short Blades   | 5 6 |  6.5
Throwing       | |  2.1

Action                   |  1- 3 |  4- 6 |  7- 9 || total
-------------------------+-------+-------+-------++-------
Melee: Rapier            |   121 |   113 |       ||   234
       Dagger            |       |    45 |    49 ||    94
Throw: Throwing net      |       |     1 |     3 ||     4
  Use: Potion            |       |       |     3 ||     3
 Stab: Held in net/web   |       |       |     2 ||     2
  Eat: Chunk             |     9 |     5 |     1 ||    15
Armor: Leather armour    |    16 |       |       ||    16
       Ring mail         |    20 |    50 |     1 ||    71
Dodge: Dodged            |   104 |   143 |    34 ||   281

Table legend:
 A = Non-vault XP
 B = Vault XP
 C = Vault XP percentage of total XP
 D = Non-vault monster count
 E = Vault monster count
 F = Vault count percentage of total count
                 A         B        C        D         E       F
            +---------+---------+-------+---------+---------+-------
      Total |     411 |     519 |  55.8 |      70 |      12 |  14.6
            +---------+---------+-------+---------+---------+-------
        D:1 |      37 |       0 |   0.0 |      18 |       0 |   0.0
        D:2 |      75 |      33 |  30.6 |      27 |      10 |  27.0
        D:3 |     117 |     486 |  80.6 |      21 |       2 |   8.7
        D:4 |     182 |       0 |   0.0 |       4 |       0 |   0.0
            +---------+---------+-------+---------+---------+-------
